 Dungeon Crawl Stone Soup version 0.20-a0-263-g81abdfb (webtiles) character file.

258 Bigslacks the Skirmisher (level 6, 0/71 HPs)
             Began as an Ogre Fighter on Dec 4, 2016.
             Succumbed to a big kobold's poison
             ... in a sewer.
             The game lasted 00:04:52 (1963 turns).

Bigslacks the Skirmisher (Ogre Fighter)             Turns: 1963, Time: 00:04:53

Health: 0/71       AC:  3    Str: 22    XL:     6   Next: 16%
Magic:  6/6        EV:  8    Int:  9    God:
Gold:   118        SH:  8    Dex:  9    Spells: 5/5 levels left

rFire  . . .     SeeInvis .     a - +1 flail
rCold  + + .     Gourm    .     b - +0 robe
rNeg   . . .     Faith    .     c - +0 shield
rPois  .         Spirit   .     (helmet restricted)
rElec  .         Reflect  .     (no cloak)
rCorr  .         Harm     .     (gloves unavailable)
MR     .....                    (boots unavailable)
Stlth  +.........               (no amulet)
                                g - ring of protection from cold
                                j - ring of protection from cold

@: lethally poisoned (0 -> -12)
A: unfitting armour, tough skin 1
a: no special abilities


You were in a sewer.
You were not hungry.

You visited 1 branch of the dungeon, and saw 3 of its levels.
You also visited: Sewer.

You collected 118 gold pieces.

Inventory:

Hand Weapons
 a - a +1 flail (weapon)
Missiles
 n - 2 tomahawks
 q - 4 javelins (quivered)
Armour
 b - a +0 robe (worn)
 c - a +0 shield (worn)
Jewellery
 g - a ring of protection from cold (right hand)
 j - a ring of protection from cold (left hand)
Scrolls
 l - a scroll of fear
 m - a scroll of identify
 o - a scroll of random uselessness
Potions
 d - a potion of might
Comestibles
 f - 3 bread rations
 i - 2 meat rations


   Skills:
 + Level 7.0 Fighting
 + Level 5.9 Maces & Flails
 - Level 2.6 Dodging
 - Level 2.6 Shields


You had 5 spell levels left.
You didn't know any spells.

Dungeon Overview and Level Annotations

Branches:
Dungeon (3/15)

Altars:
Gozag
Hepliaklqana
Makhleb

Annotations:
D:3 Uniporpoise's ghost, weakling MiFi


Innate Abilities, Weirdness & Mutations

You are too large for most types of armour.
You have tough skin. (AC +1)


Message History

Your experience leads to an increase in your attributes!
Increase (S)trength, (I)ntelligence, or (D)exterity?
You feel clever.
You feel stronger.
* * * LOW HITPOINT WARNING * * *
You feel sick.
The kobold throws a stone.
You block the stone.
You barely miss the kobold.
* * * LOW HITPOINT WARNING * * *
You feel sick. You block the kobold's attack.
Huge Dmg: -2%(-2hp) hp: 8%(5hp)
You closely miss the kobold.
* * * LOW HITPOINT WARNING * * *
You feel sick. The kobold hits you with a dagger.
* * * LOW HITPOINT WARNING * * *
Huge Dmg: -5%(-3hp) hp: 3%(2hp)
You closely miss the kobold.
* * * LOW HITPOINT WARNING * * *
You feel sick. The kobold barely misses you.
Huge Dmg: -1%(-1hp) hp: 2%(1hp)
You barely miss the kobold.
You die...

≈≈≈≈....≈≈≈≈≈≈≈≈≈≈≈≈≈≈≈≈≈≈≈≈≈
.≈.≈.......≈≈≈≈≈≈≈≈≈≈≈≈≈≈≈≈# #
≈≈........≈≈≈......≈.≈≈≈≈≈≈# .#.
....................≈..≈≈≈.#....
.....................(..(.KK...
.............##...........#K...
#.......#####........## .#.
##..##..(######...#### #
###..#####KK@# ##### #∩..##
##### #####


You could see 2 kobolds.

Vanquished Creatures
  A big kobold (Sewer)
  Ijyb (D:3)
  Jessica (D:3)
  Natasha (D:3)
  3 adders (D:2)
  2 river rats
  3 worms (D:2)
  A leopard gecko (D:2)
  2 ball pythons (D:3)
  5 bats
  3 giant cockroaches (D:2)
  7 goblins
  7 hobgoblins
  3 jackals (D:2)
  3 kobolds
  2 quokkas (D:2)
  4 frilled lizards
  12 rats
61 creatures vanquished.

Notes
Turn   | Place    | Note
-------+----------+-------------------------------------------
     0 | D:1      | Bigslacks the Ogre Fighter began the quest for the Orb.
     0 | D:1      | Reached XP level 1. HP: 24/24 MP: 1/1
   128 | D:1      | Huge Dmg: 6 dmg
   149 | D:1      | Reached XP level 2. HP: 25/33 MP: 2/2
   711 | D:2      | Reached XP level 3. HP: 35/41 MP: 3/3
   735 | D:2      | Huge Dmg: 4 dmg
   736 | D:2      | Huge Dmg: 3 dmg
   736 | D:2      | Reached skill level 5 in Fighting
   737 | D:2      | Huge Dmg: 2 dmg
   739 | D:2      | Huge Dmg: 2 dmg
   740 | D:2      | Huge Dmg: 1 dmg
  1112 | D:2      | Reached XP level 4. HP: 44/50 MP: 4/4
  1158 | D:2      | Found an opulent altar of Gozag.
  1160 | D:2      | Found a burning altar of Makhleb.
  1162 | D:2      | Found a hazy altar of Hepliaklqana.
  1543 | D:3      | Noticed Uniporpoise's ghost (weakling MiFi)
  1586 | D:3      | Noticed Ijyb
  1595 | D:3      | Killed Ijyb
  1595 | D:3      | Reached skill level 6 in Fighting
  1595 | D:3      | Reached XP level 5. HP: 50/59 MP: 5/5
  1633 | D:3      | Noticed Jessica
  1634 | D:3      | Noticed Natasha
  1653 | D:3      | Huge Dmg: 13 dmg
  1654 | D:3      | Huge Dmg: 10 dmg
  1658 | D:3      | Killed Jessica
  1708 | D:3      | Killed Natasha
  1708 | D:3      | Reached skill level 5 in Maces & Flails
  1735 | D:3      | Found a glowing drain.
  1761 | Sewer    | Entered a sewer
  1914 | Sewer    | Noticed a big kobold
  1950 | Sewer    | Huge Dmg: 9 dmg
  1952 | Sewer    | Huge Dmg: 4 dmg
  1956 | Sewer    | Huge Dmg: 6 dmg
  1958 | Sewer    | Huge Dmg: 3 dmg
  1959 | Sewer    | Huge Dmg: 2 dmg
  1959 | Sewer    | Killed a big kobold
  1959 | Sewer    | Reached skill level 7 in Fighting
  1959 | Sewer    | Reached XP level 6. HP: 8/71 MP: 6/6
  1961 | Sewer    | Huge Dmg: 2 dmg
  1961 | Sewer    | HP: 3/71 [poisoned by a big kobold]
  1962 | Sewer    | Huge Dmg: 3 dmg
  1962 | Sewer    | HP: 1/71 [poisoned by a big kobold]
  1963 | Sewer    | Huge Dmg: 1 dmg
  1963 | Sewer    | Succumbed to a big kobold's poison

Vault maps used:
D:1:      elethiomel_arrival_diamonds
D:2:      minitemple, first_bread
D:3:      minmay_diamond_boxcup, portal_sewer_entry_b, uniq_natasha, uniq_iyjb,
          uniq_jessica
Sewer:    sewer_minmay_treatment

Skill      XL: |  1  2  3  4  5 |
---------------+----------------+-----
Maces & Flails | 3 4 5 |  5.9
Fighting       | 5 6 7 |  7.0
Dodging        | |  2.6
Shields        | |  2.6

Action                   |  1- 3 |  4- 6 || total
-------------------------+-------+-------++-------
Melee: Flail             |   117 |   112 ||   229
  Use: Potion            |     2 |     1 ||     3
       Scroll            |       |     5 ||     5
 Stab: Sleeping          |       |     1 ||     1
  Eat: Chunk             |     1 |     3 ||     4
Armor: Robe              |    31 |    27 ||    58
Dodge: Dodged            |    43 |    34 ||    77
Block: Shield            |    62 |    46 ||   108
